 Dungeon Crawl Stone Soup version 0.18-a0-1195-g77a4f03 (webtiles) character file.

260 Chiseanne the Skirmisher (level 5, 0/46 HPs)
             Began as a Centaur Air Elementalist on Jan 29, 2016.
             Killed from afar by an orc wizard (2 damage)
             ... with a magic dart
             ... on level 3 of the Dungeon.
             The game lasted 00:12:17 (7228 turns).

Chiseanne the Skirmisher (Centaur Air Elementalist) Turns: 7228, Time: 00:12:17

Health: 0/46       AC:  8    Str: 11    XL:     5   Next: 95%
Magic:  7/7        EV:  3    Int: 15    God:
Gold:   143        SH:  0    Dex:  9    Spells: 1 memorised, 6 levels left

rFire  . . .     SeeInvis .     k - +0 mace
rCold  . . .     Gourm    .     z - +0 chain mail (curse)
rNeg   . . .     Faith    .     (no shield)
rPois  .         Spirit   .     (no helmet)
rElec  .         Dismiss  .     (no cloak)
rCorr  .         Reflect  .     (no gloves)
SustAt .         Harm     .     (no barding)
MR     .....                    (no amulet)
Stlth  ..........               (no ring)
                                j - ring of flight

@: very quick, not resistant to hostile enchantments, extremely unstealthy
A: hooves 3, deformed body, speed 2, tough skin 3
a: Evoke Flight


You were on level 3 of the Dungeon.
You were not hungry.

You visited 1 branch of the dungeon, and saw 4 of its levels.

You collected 143 gold pieces.

Inventory:

Hand Weapons
 k - a +0 mace (weapon)
Missiles
 d - 21 bolts
 l - 40 arrows
 o - 17 poisoned needles
 p - 2 needles of paralysis
 q - 10 exploding sling bullets
 r - 43 sling bullets
 s - 8 bolts of flame
 t - 4 tomahawks (quivered)
 w - 16 arrows of frost
Armour
 n - a +1 scale mail
 z - a cursed +0 chain mail (worn)
Jewellery
 j - a ring of flight (left hand)
 B - an uncursed amulet of regeneration {unknown}
Wands
 a - a wand of teleportation (0/9)
 e - a wand of digging (8/24)
Scrolls
 v - a scroll of identify
 x - 2 scrolls of fog
 y - a scroll of teleportation
Potions
 g - 2 potions of magic
 m - a potion of flight
 u - a potion of brilliance
Books
 b - a book of Air

   Spells                             Type                      Level
   a - Shock                          Conjuration/Air              1
   b - Swiftness                      Charms/Air                   2
   c - Repel Missiles                 Charms/Air                   2
   d - Static Discharge               Conjuration/Air              3
   e - Lightning Bolt                 Conjuration/Air              5
Comestibles
 c - 3 bread rations
 h - 3 meat rations
 i - 2 chunks of flesh


   Skills:
 + Level 3.9 Fighting
 * Level 3.0 Armour
 - Level 1.3 Dodging
 - Level 1.2 Stealth
 - Level 1.5 Spellcasting
 - Level 0.8 Conjurations
 - Level 2.6 Air Magic


You had 6 spell levels left.
You knew the following spells:

 Your Spells              Type           Power        Failure   Level  Hunger
a - Shock                 Conj/Air       #...         100%        1    ##.....


Dungeon Overview and Level Annotations

Branches:
Dungeon (4/15)
 Temple: D:4-7

Altars:
Elyvilon
Kikubaaqudgha
Makhleb
Pakellas

Annotations:
D:3 Sigmund; slayr's ghost, amateur CeHu
D:4 cireshan's ghost, novice TrMo


Innate Abilities, Weirdness & Mutations

You have hooves in place of feet.
Armour fits poorly on your strangely shaped body.
You cover ground very quickly.
You have extremely tough skin (AC +3).


Message History

The orc wizard hits you but does no damage.
Your chain mail prevents you from hitting the orc wizard.
The orc wizard is severely wounded.
The orc wizard casts a spell.
The orc wizard flickers and vanishes!
Deactivating autopickup; reactivate with Ctrl-A.
You hear some strange, mumbled words.
A puff of flame appears from out of thin air!
The puff of flame hits you!
* * * LOW HITPOINT WARNING * * *
You closely miss something.
You hear some strange, mumbled words.
A puff of flame appears from out of thin air!
The puff of flame hits you! Something hits you.
* * * LOW HITPOINT WARNING * * *
You miss something.
You hear some strange, mumbled words.
A magic dart appears from out of thin air!
The magic dart hits you!
You die...

########## #### ##...##...##
#... ##..........## #...
#............# #...
#............##########...
#.........................
##.......@{.##########....
#########...##...#####....(<....
#........########......##..##...
#................/#######.######
#....†...##############...######
#........# ###............
#........# ##......#####.#.
#........# ##...##### #.#.
#........# ###....# ###.#.


There were no monsters in sight!

Vanquished Creatures
  Jessica (D:3)
  Ijyb (D:2)
  2 iguanas (D:4)
  6 adders
  5 giant geckos
  An orc (D:4)
  9 bats
  4 giant cockroaches (D:1)
  10 goblins
  10 hobgoblins
  18 jackals
  8 kobolds
  2 quokkas
  3 ball pythons
  4 giant newts
  9 rats
93 creatures vanquished.

Notes
Turn   | Place    | Note
--------------------------------------------------------------
     0 | D:1      | Chiseanne the Centaur Air Elementalist began the quest for the Orb.
     0 | D:1      | Reached XP level 1. HP: 14/14 MP: 3/3
   273 | D:1      | Reached skill level 1 in Fighting
   461 | D:1      | Reached XP level 2. HP: 11/24 MP: 4/4
  1674 | D:1      | Reached XP level 3. HP: 30/30 MP: 5/5
  2311 | D:2      | Reached skill level 3 in Fighting
  2762 | D:2      | Reached skill level 1 in Armour
  2836 | D:2      | Reached XP level 4. HP: 25/38 MP: 6/6
  3521 | D:3      | Noticed slayr's ghost (amateur CeHu)
  3641 | D:3      | Noticed Ijyb
  4399 | D:3      | Noticed Sigmund
  4502 | D:2      | Killed Ijyb
  4502 | D:2      | Reached XP level 5. HP: 17/45 MP: 7/7
  4728 | D:3      | Noticed Jessica
  4747 | D:3      | Killed Jessica
  5598 | D:4      | Found a burning altar of Makhleb.
  5600 | D:4      | Found an oddly glowing altar of Pakellas.
  5711 | D:4      | Noticed cireshan's ghost (novice TrMo)
  5750 | D:4      | Found a white marble altar of Elyvilon.
  5752 | D:4      | Found an ancient bone altar of Kikubaaqudgha.
  6053 | D:4      | HP: 2/46 [iguana (2)]
  7227 | D:3      | HP: 2/46 [something (2)]
  7228 | D:3      | Killed from afar by an orc wizard

Vault maps used:
D:1:      sevenhm_arrival_forest_fort_small_4, hangedman_abyss_or_decor_stabs
D:2:      st_stairs_10
D:3:      uniq_jessica, uniq_sigmund, uniq_iyjb
D:4:      nicolae_overflow_hidden_temple

Action                   |  1- 3 |  4- 6 || total
-------------------------+-------+-------++-------
Melee: Dagger            |    87 |       ||    87
       Unarmed           |     7 |       ||     7
       Short sword       |    35 |       ||    35
       Mace              |   106 |   281 ||   387
Throw: Tomahawk          |       |    10 ||    10
 Cast: Shock             |     3 |       ||     3
Evoke: Wand              |       |     4 ||     4
  Use: Scroll            |     7 |     8 ||    15
       Potion            |       |     6 ||     6
  Eat: Chunk             |     6 |    13 ||    19
